 Dungeon Crawl Stone Soup version 0.27.0-1-g7a089689b8 (webtiles) character file.

Game seed: 16599602161319991300

2436 Crownlay the Protected (level 9, -4/123 HPs)
             Began as a Minotaur Berserker on Aug 12, 2021.
             Was a Believer of Trog.
             Slain by a troll (14 damage)
             ... on level 7 of the Dungeon.
             The game lasted 00:15:45 (6653 turns).

Crownlay the Protected (Minotaur Berserker)         Turns: 6653, Time: 00:15:45

Health: -4/123     AC: 15    Str: 25    XL:     9   Next: 24%
Magic:  8/8        EV:  9    Int:  4    God:    Trog [**....]
Gold:   250        SH:  0    Dex: 10    Spells: 8/8 levels left

rFire    + . .     SeeInvis +   a - +0 falchion
rCold    . . .     Faith    .   (no shield)
rNeg     . . .     Spirit   .   o - +0 plate armour
rPois    +         Reflect  .   (helmet restricted)
rElec    .         Harm     .   g - +0 cloak
rCorr    .         Rampage  .   (no gloves)
Will     ++...                  (no boots)
Stlth    ..........             n - amulet of the acrobat
HPRegen  1.30/turn              s - ring of Vuras {rPois rF+ Slay+2 SInv}
MPRegen  0.11/turn              (no ring)

@: berserking, strong-willed, regenerating, very quick
A: horns 2, retaliatory headbutt
a: Renounce Religion, Berserk, Trog's Hand


You were on level 7 of the Dungeon.
You worshipped Trog.
Trog was pleased with you.
You visited 1 branch of the dungeon, and saw 7 of its levels.

You collected 330 gold pieces.
You spent 80 gold pieces at shops.

Inventory:

Hand Weapons
 a - a +0 falchion (weapon)
Armour
 g - a +0 cloak (worn)
 o - a +0 plate armour (worn)
Jewellery
 n - an amulet of the acrobat (around neck)
 s - the ring of Vuras (left hand) {rPois rF+ Slay+2 SInv}
   (You acquired it on level 6 of the Dungeon)

   [ring of protection from fire]

   Slay:      It affects your accuracy & damage with ranged weapons and melee
   (+2).
   rF:        It protects you from fire.
   rPois:     It protects you from poison.
   SInv:      It lets you see invisible.
Wands
 k - a wand of digging (8)
 t - a wand of charming (5)
Scrolls
 d - a scroll of magic mapping {unknown}
 e - 2 scrolls of enchant weapon
 h - a scroll of vulnerability {unknown}
 i - 6 scrolls of teleportation {unknown}
 j - a scroll of immolation {unknown}
 l - a scroll of fog {unknown}
 q - a scroll of noise {unknown}
Potions
 b - 2 potions of magic
 c - a potion of lignification
 f - 2 potions of brilliance
 m - a potion of heal wounds
 p - a potion of attraction


   Skills:
 * Level 8.5 Fighting
 - Level 3.6 Long Blades
 - Level 10.0 Armour
 - Level 8.0 Dodging


You had 8 spell levels left.
You didn't know any spells.
Your spell library was empty.

Dungeon Overview and Level Annotations

Branches:
Dungeon (7/15)             Temple (0/1) D:6

Altars:

Shops:
D:3 *!   D:5 ?


Innate Abilities, Weirdness & Mutations

You have a pair of horns on your head.
You reflexively headbutt those who attack you in melee.


Message History

The troll bites you but does no damage. The troll misses you.
The troll claws you.
You closely miss the troll.
The troll is heavily wounded.
The troll bites you but does no damage. The troll closely misses you.
The troll claws you.
You hit the troll. You headbutt the troll!
The troll is severely wounded.
The troll bites you! The troll barely misses you.
The troll claws you but does no damage.
You hit the troll. You headbutt the troll.
The troll is almost dead.
The troll bites you but does no damage. The troll claws you.
The troll completely misses you. The troll bites you!
The troll barely misses you. x2
You are too injured to fight recklessly!
You are too injured to fight recklessly!
You are too injured to fight recklessly!
You are too injured to fight recklessly!
You closely miss the troll. Your headbutt misses the troll.
The troll is almost dead.
The troll barely misses you. x3
You hit the troll.
The troll is almost dead.
The troll misses you. The troll claws you.
* * * LOW HITPOINT WARNING * * *
The troll completely misses you.
Your skin crawls.
You feel strong-willed. The troll bites you!
* * * LOW HITPOINT WARNING * * *
The troll closely misses you. The troll barely misses you.
You hit the troll. Your headbutt misses the troll.
The troll is almost dead.
The troll bites you but does no damage. The troll claws you!
* * * LOW HITPOINT WARNING * * *
The troll claws you but does no damage.
A red film seems to cover your vision as you go berserk!
You feel yourself moving faster!
You feel mighty! The troll bites you!
You die...

###.# #...##
#.... #...####
#......
#....###.
####+#.T......
#.....@..#
#.....#.......
.......
.......
#######
#######


You could see a troll.

Vanquished Creatures
  A cyclops (D:6)
  A water moccasin (D:5)
  2 sky beasts
  A black bear (D:6)
  An ice beast (D:6)
  An ogre (D:6)
  A centaur (D:5)
  A phantom (D:4)
  A bullfrog (D:6)
  A wyvern zombie (D:6)
  A gnoll sergeant (D:6)
  3 scorpions
  A water moccasin zombie (D:5)
  A wyvern skeleton (D:5)
  A centaur zombie (D:6)
  5 hounds
  3 orc priests
  Jessica (D:3)
  Ijyb (D:4)
  3 iguanas
  7 orc wizards
  A howler monkey zombie (D:6)
  9 gnolls
  A howler monkey skeleton (D:5)
  11 adders
  2 ufetubi
  11 orcs
  8 endoplasms
  3 giant cockroaches (D:4)
  13 goblins
  3 hobgoblins
  12 jackals
  A quokka (D:5)
  4 ball pythons
  3 bats
  3 frilled lizards
  3 kobolds
  3 rats
129 creatures vanquished.

Vanquished Creatures (others)
  21 plants (D:6)
21 creatures vanquished.

Grand Total: 150 creatures vanquished

Notes
Turn   | Place    | Note
-------+----------+-------------------------------------------
     0 | D:1      | Crownlay the Minotaur Berserker began the quest for the
                  | Orb.
     0 | D:1      | Reached XP level 1. HP: 19/19 MP: 0/0
    38 | D:1      | Reached XP level 2. HP: 25/26 MP: 1/1
   958 | D:2      | Reached XP level 3. HP: 26/31 MP: 2/2
  1123 | D:2      | Reached ** piety under Trog
  1131 | D:2      | Reached skill level 3 in Armour
  1945 | D:2      | Reached XP level 4. HP: 39/39 MP: 3/3
  2023 | D:3      | Found a faded altar of an unknown god.
  2318 | D:3      | Reached skill level 4 in Armour
  2524 | D:3      | Found Imasy's Assorted Antiques.
  2568 | D:3      | Noticed a scorpion
  2574 | D:3      | Killed a scorpion
  2575 | D:3      | Reached skill level 5 in Armour
  2575 | D:3      | Reached XP level 5. HP: 33/45 MP: 4/4
  2833 | D:3      | Found Kojac's Distillery.
  2845 | D:3      | Bought a potion of heal wounds for 50 gold pieces
  2861 | D:3      | Noticed Jessica
  2869 | D:3      | Killed Jessica
  3010 | D:4      | Reached skill level 6 in Armour
  3038 | D:4      | Noticed Ijyb
  3061 | D:4      | Killed Ijyb
  3070 | D:4      | Noticed a phantom
  3071 | D:4      | Reached XP level 6. HP: 33/51 MP: 5/5
  3080 | D:4      | Reached skill level 7 in Armour
  3252 | D:4      | Reached skill level 8 in Armour
  3461 | D:4      | Reached XP level 7. HP: 37/57 MP: 6/6
  3872 | D:5      | Entered Level 5 of the Dungeon
  3940 | D:5      | Reached skill level 9 in Armour
  4099 | D:5      | Reached skill level 10 in Armour
  4481 | D:5      | Reached skill level 5 in Fighting
  4481 | D:5      | Reached XP level 8. HP: 13/68 MP: 7/7
  4788 | D:5      | Found Secisuol's Magic Scroll Shoppe.
  4793 | D:5      | Bought a scroll of identify for 30 gold pieces
  5495 | D:6      | Found a staircase to the Ecumenical Temple.
  5757 | D:6      | Reached skill level 5 in Dodging
  6132 | D:6      | Noticed a cyclops
  6148 | D:6      | Killed a cyclops
  6149 | D:6      | Reached XP level 9. HP: 52/81 MP: 8/8
  6596 | D:6      | Identified a scroll of acquirement
  6597 | D:6      | Acquired the ring of Vuras {rPois rF+ Slay+2 SInv}
  6641 | D:7      | Noticed a troll
  6653 | D:7      | Slain by a troll

Illustrated notes

Levels and vault maps discovered:
D:1:      wander_arrival_fairy_ring, layout_basic
D:2:      layout_loops_ring
D:3:      layout_basic, shapermc_ecumenical_altar_venn, serial_shops,
          nicolae_square_shop, nicolae_lakefront_shop, minmay_misc_feat_plants,
          minmay_misc_feat_tiny, grunt_ministairs_11, chequers_avenue,
          minivault_26, uniq_jessica
D:4:      layout_rooms, uniq_ijyb
D:5:      layout_loops_cross, serial_shops, kennysheep_little_box,
          dk_rats_in_the_wall
D:6:      layout_cave_pods, minmay_temple_entry_arrows, grunt_ministairs_10,
          serial_bayou_pond_c
D:7:      layout_basic, lemuel_mausoleum_altar_yredelemnul, uniq_prince_ribbit1,
          uniq_menkaure

Skill      XL: |  1  2  3  4  5  6  7  8 |
---------------+-------------------------+-----
Dodging        | 3 4 8 |  8.0
Armour         | 3 5 6 8 10 | 10.0
Fighting       | 5 8 |  8.5
Long Blades    | |  3.6

Action                   |  1- 3 |  4- 6 |  7- 9 || total
-------------------------+-------+-------+-------++-------
Melee: Falchion          |    88 |   109 |   238 ||   435
       Headbutt          |    16 |    24 |    56 ||    96
Invok: Trog's Hand       |       |     4 |    10 ||    14
       Berserk           |       |     2 |     7 ||     9
  Use: Scroll            |       |       |     7 ||     7
 Stab: Sleeping          |     1 |       |       ||     1
Armor: Animal skin       |    18 |     4 |       ||    22
       Robe              |       |    11 |       ||    11
       Plate armour      |       |    26 |   200 ||   226
Dodge: Dodged            |    58 |    51 |   124 ||   233
       Rpst.: Falchion   |    15 |    18 |    28 ||    61
